Cogmind - Beta 13 @@@ ROGUE MODE // 2024.05.19 @ 23:18:56 Player: CONM Result: Destroyed by Y-45 Defender with Heavy Assault Rifle Performance ------------- Evolutions (2) 1000 Regions Visited (3) 600 Robots Destroyed (81) 405 Value Destroyed (2716) 2716 Prototype IDs (0) 0 Alien Tech Used (0) 0 Bonus (100) 100 TOTAL SCORE: 4821 Bonus ------- High Alert Combat Kills 100 Cogmind --------- Core Integrity 0/550 Matter 5/300 Energy 81/100 System Corruption 1% Temperature Cool (9) Movement Core (800) Ox15 Location -8/Materials Parts ------- > --- POWER (1) -------- (None) > --- PROPULSION (4) --- (None) > --- UTILITY (4) ------ Advanced Heat Sink High-capacity Storage Unit > --- WEAPON (2) ------- Ion Cannon > --- INVENTORY (20) --- Light Nuclear Core Wheel Improved Heat Sink Weight Redist. System Advanced Weight Redist. System Advanced Weight Redist. System Trap Scanner Sensor Array Signal Interpreter Terrain Scan Processor Advanced Targeting Computer Hacking Suite Heavy Laser Heavy Particle Cannon Ion Cannon Rocket Launcher Rocket Launcher Rocket Launcher Datajack Improved Datajack Peak State ------------ > --- POWER ------------ Light Nuclear Core > --- PROPULSION ------- Light Treads Light Treads Wheel Wheel > --- UTILITY ---------- Improved Heat Sink High-capacity Storage Unit Machine Analyzer Improved Light Armor Plating > --- WEAPON ----------- Heavy Particle Cannon Ion Cannon > --- INVENTORY -------- Deuterium Engine Light Nuclear Core Wheel Improved Heat Sink Weight Redist. System Trap Scanner Sensor Array Sensor Array Signal Interpreter Terrain Scan Processor Advanced Targeting Computer Light Armor Plating Hacking Suite Ion Cannon Rocket Launcher Rocket Launcher Rocket Launcher Rocket Launcher Datajack Improved Datajack [Rating: 27] Favorites ----------- Power Ion Engine Engine Ion Engine Power Core Light Nuclear Core Propulsion Light Treads Treads Light Treads Leg Aluminum Leg Wheel Wheel Utility High-capacity Storage Unit Device Improved Heat Sink Storage High-capacity Storage Unit Processor Machine Analyzer Protection Light Armor Plating Weapon Beam Rifle Energy Gun Beam Rifle Energy Cannon Ion Cannon Ballistic Gun Assault Rifle Launcher Rocket Launcher Special Melee Weapon Datajack Build | -11 -10 -9 -8 ------- Run | Yrd Mat Mat Mat Slots Evolved 4 | . . 2 2 Power . | . . . . Propulsion 2 | . . 1 1 Utility 2 | . . 1 1 Weapon . | . . . . Parts Attached 77 | 6 12 21 38 Power 7 | 1 1 2 3 Engine 5 | 1 1 1 2 Core 2 | . . 1 1 Reactor . | . . . . Propulsion 22 | 2 3 7 10 Treads 13 | . 2 7 4 Leg 3 | 2 . . 1 Wheel 6 | . 1 . 5 Hover . | . . . . Flight . | . . . . Utility 16 | 1 2 7 6 Device 8 | . . 4 4 Storage 2 | 1 1 . . Processor 1 | . . 1 . Hackware . | . . . . Protection 5 | . 1 2 2 Artifact . | . . . . Weapon 32 | 2 6 5 19 Energy Gun 3 | . . 3 . Energy Cannon 11 | . . 2 9 Ballistic Gun 5 | 2 3 . . Ballistic Cannon . | . . . . Launcher 12 | . 3 . 9 Special Weapon . | . . . . Impact Weapon . | . . . . Slashing Weapon . | . . . . Piercing Weapon . | . . . . Special Melee Weapon 1 | . . . 1 Unidentified Prototypes . | . . . . Parts Lost 27 | . . 8 19 Power 4 | . . 1 3 Propulsion 10 | . . 2 8 Utility 8 | . . 3 5 Weapon 5 | . . 2 3 Highest Loss Streak 5 | . . 4 5 To Critical Strikes . | . . . . Average Slot Usage (%) 90 | . 94 89 88 Engine 7 | . 14 5 4 Core 3 | . . 5 3 Treads 22 | . 22 25 17 Leg 1 | . 4 . 2 Wheel 2 | . 1 . 9 Device 7 | . . 9 10 Storage 11 | . 14 11 9 Processor 4 | . . 4 8 Protection 6 | . 9 6 5 Energy Gun 6 | . . 13 2 Energy Cannon 6 | . . 7 11 Ballistic Gun 6 | . 23 . . Launcher 1 | . 4 . 2 Naked Turns . | . . . . Heaviest Build 66 | 11 54 59 66 Greatest Support 60 | 20 40 60 60 Greatest Overweight (x) 18 | . 4 2 18 Average Overweight (x) 1 | . 1 . 2 Largest Inventory Capacity 20 | 8 20 20 20 Average Capacity 19 | 6 18 20 20 Most Carried 20 | 4 16 20 20 Average Carried 16 | 2 12 18 18 Final Capacity 20 | 8 20 20 20 Final Carried 20 | 4 16 20 20 Class Distribution -------------------- 50% | Mutant 49% | Scavenger-Mutant Dominant Class ---------------- Mutant | -10/Materials Scavenger-Mutant | -9/Materials Scavenger-Mutant | -8/Materials Resources | -11 -10 -9 -8 ----------- Run | Yrd Mat Mat Mat Matter Collected 992 | 183 236 323 250 Remotely . | . . . . Salvage Created 3103 | . 329 1250 1524 Parts 153 | . 19 63 71 Haulers Intercepted 2 | . . 1 1 Recyclers Shooed 2 | . 1 . 1 Parts Field Recycled . | . . . . Retrieved Matter . | . . . . Parts Self-Destructed . | . . . . Prevented . | . . . . Kills | -11 -10 -9 -8 ------- Run | Yrd Mat Mat Mat Combat Hostiles Destroyed 67 | . 10 26 31 Melee 1 | . . 1 . Guns 12 | . 4 7 1 Cannons 38 | . . 18 20 AOE 14 | . 6 . 8 Classes Destroyed 12 | . 3 6 3 Worker 2 | . . 1 1 Builder 3 | . . . 3 Tunneler 1 | . . . 1 Hauler 2 | . . 1 1 Recycler 3 | . 1 . 2 Mechanic 1 | . . 1 . Operator 1 | . . 1 . Watcher 1 | . . 1 . Swarmer 9 | . 3 3 3 Grunt 43 | . 7 15 21 Sentry 13 | . . 8 5 Hunter 2 | . . . 2 Best Kill Streak 5 | . 4 5 4 Combat Bots Only 5 | . 3 5 4 Max Kills in Single Turn 4 | . 2 1 4 Gunslinging . | . . . . Exploded 3 | . 2 . 3 Melee 1 | . . 1 . Uniques/NPCs Destroyed . | . . . . Combat | -11 -10 -9 -8 -------- Run | Yrd Mat Mat Mat Hostile Shots Fired 420 | . 28 147 245 Missed 106 | . 8 31 67 Damage Taken 4474 | . 209 1598 2667 Core 931 | . 34 331 566 Absorbed by Shields . | . . . . Regen/Repaired (Parts) 33 | . . 33 . Core Remaining (%) 67 | 100 86 17 . Volleys Fired 203 | . 19 80 104 Largest 2 | . 2 2 2 Hottest 136 | . 66 136 135 Shots Fired 374 | . 36 153 185 Gun 144 | . 29 87 28 Cannon 203 | . . 66 137 Launcher 27 | . 7 . 20 Special . | . . . . Kinetic 29 | . 29 . . Thermal 318 | . . 153 165 Explosive 27 | . 7 . 20 Electromagnetic . | . . . . Robot Hit Streak 28 | . 11 28 15 Robot Miss Streak 5 | . 3 4 5 Penetration Max . | . . . . Secondary Targets . | . . . . Shots Hit Robots 259 | . 26 117 116 Core Hits 124 | . 18 44 62 Critical Kills 1 | . . . 1 Critical Parts Destroyed . | . . . . Critical Strikes 10 | . . 9 1 Burn 9 | . . 9 . Meltdown 1 | . . . 1 Melee Attacks 1 | . . . 1 Impact . | . . . . Slashing . | . . . . Piercing . | . . . . Sneak Attacks 1 | . . . 1 Combat Hostiles . | . . . . Follow-up Attacks . | . . . . Damage Inflicted 6225 | . 747 2022 3456 Guns 1611 | . 245 1063 303 Cannons 3070 | . . 927 2143 Explosions 1459 | . 477 . 982 Melee . | . . . . Ramming 85 | . 25 32 28 Kinetic 245 | . 245 . . Thermal 4436 | . . 1990 2446 Explosive 1459 | . 477 . 982 Electromagnetic . | . . . . Impact . | . . . . Slashing . | . . . . Piercing . | . . . . Highest Corruption 4 | . . 4 1 Average Corruption 2 | . . 3 1 Corruption Purged . | . . . . Corruption Blocked . | . . . . Effects 41 | . . 35 6 Message Errors 12 | . . 12 . Matter Fused 7 | . . 6 1 Heat Flow Errors 6 | . . 6 . Energy Discharges 3 | . . 2 1 Parts Rejected 1 | . . . 1 Data Loss (minor) 4 | . . 3 1 Data Loss (major) 2 | . . 1 1 Misfires 2 | . . 2 . Weapon Failures 4 | . . 3 1 Overload Shots . | . . . . Overflow Damage 54 | . . 30 24 Projectiles 51 | . . 30 21 Explosions 3 | . . . 3 Melee . | . . . . Knockbacks 1 | . . 1 . Impact 1 | . . 1 . Kinetic . | . . . . Secondary . | . . . . Self-Inflicted Damage 32 | . . . 32 Shots 2 | . . . 2 Rammed 10 | . 3 4 3 Targets Rammed 11 | . 3 5 3 Kicked . | . . . . Crushed 1 | . . 1 . Highest Temperature 475 | . 30 336 475 Average Temperature 79 | . 9 78 87 Received Heat Transfer 2139 | . 96 765 1278 Effects 4 | . . 1 3 Shutdowns 1 | . . . 1 Energy Bleed 2 | . . . 2 Damage (minor) 1 | . . 1 . Siege Activations . | . . . . Robots Corrupted . | . . . . Combat Hostiles . | . . . . Parts Fried . | . . . . Impact Corruptions . | . . . . Robots Melted 2 | . . . 2 Combat Hostiles 2 | . . . 2 Parts Melted 28 | . . 14 14 Heat Transferred 9176 | . . 5032 4144 Parts Sabotaged . | . . . . Parts Stolen . | . . . . Parts Stripped . | . . . . Power Chain Reactions . | . . . . Alert | -11 -10 -9 -8 ------- Run | Yrd Mat Mat Mat Peak Influence 633 | . 114 356 633 Initial 126 | . . 5 126 Average 162 | . 30 191 259 Maximum Alert Level 2 | . . 1 2 Low Security (%) 58 | 100 100 41 41 Level 1 37 | . . 58 45 Level 2 3 | . . . 13 Level 3 . | . . . . Level 4 . | . . . . Level 5 . | . . . . High Security . | . . . . Max Security . | . . . . Squads Dispatched 13 | . 3 2 8 Investigation 6 | . 3 1 2 Extermination . | . . . . Reinforcement 5 | . . 1 4 Assault . | . . . . Garrison 2 | . . . 2 Intercept . | . . . . Searches Triggered . | . . . . Construction Impeded 2 | . . . 2 Haulers Reinforced . | . . . . Active Scanning Responses . | . . . . Cargo Convoy Interrupts . | . . . . Stealth | -11 -10 -9 -8 --------- Run | Yrd Mat Mat Mat Distress Signals 4 | . . 1 3 Communications Jammed . | . . . . Distress Signals . | . . . . Times Spotted 95 | . 15 36 44 Peak Tracking Total 5 | . 3 4 5 Tactical Retreats 3 | . . . 3 Traps | -11 -10 -9 -8 ------- Run | Yrd Mat Mat Mat Traps Triggered 4 | . 2 2 . Indirectly . | . . . . Trap Hack Attempts . | . . . . Triggered . | . . . . Disarmed . | . . . . Reprogrammed . | . . . . Reused . | . . . . Traps Extracted . | . . . . Installed . | . . . . Triggered . | . . . . Machines | -11 -10 -9 -8 ---------- Run | Yrd Mat Mat Mat Machines Disabled 5 | . 1 2 2 Max in Single Turn 1 | . 1 1 1 Machines Repaired . | . . . . Machines Dismantled . | . . . . Machines Sabotaged . | . . . . Overloaded Fab Kills . | . . . . Hacking | -11 -10 -9 -8 --------- Run | Yrd Mat Mat Mat Machines Accessed 15 | . 5 6 4 Terminals 13 | . 5 4 4 Fabricators . | . . . . Repair Stations 1 | . . 1 . Recycling Units . | . . . . Scanalyzers 1 | . . 1 . Garrison Access . | . . . . Total Hacks 34 | . 10 15 9 Successful 19 | . 5 11 3 Failed 15 | . 5 4 6 Catastrophic 4 | . 1 2 1 Database Lockouts . | . . . . Manual 23 | . 7 8 8 Terminals 28 | . 10 9 9 Fabricators . | . . . . Repair Stations 2 | . . 2 . Recycling Units . | . . . . Scanalyzers 4 | . . 4 . Garrison Access . | . . . . Terminal Hacks 13 | . 5 5 3 Emergency Access Points 1 | . 1 . . Terminal Index 3 | . 1 1 1 Alert Level 1 | . . 1 . Locate Traps 4 | . 2 1 1 Maintenance Status 1 | . . 1 . Transport Status 1 | . . 1 . Hauler Manifests 1 | . . . 1 Zone Layout 1 | . 1 . . Fabricator Hacks . | . . . . Repair Station Hacks 2 | . . 2 . Scan Component 1 | . . 1 . Repair 1 | . . 1 . Recycling Unit Hacks . | . . . . Scanalyzer 4 | . . 4 . Insert Component 2 | . . 2 . Analyze 2 | . . 2 . Garrison Access Hacks . | . . . . Unauthorized Hacks . | . . . . Terminals . | . . . . Fabricators . | . . . . Repair Stations . | . . . . Recycling Units . | . . . . Scanalyzers . | . . . . Garrison Access . | . . . . Data Cores Recovered . | . . . . Used . | . . . . Hacking Detections 7 | . 1 3 3 Full Trace Events 4 | . . 2 2 Feedback Events . | . . . . Feedback Blocked . | . . . . Robot Schematics Acquired . | . . . . Robots Built . | . . . . Authchips . | . . . . Time . | . . . . Total Robot Build Rating . | . . . . Part Schematics Acquired 2 | . . 2 . Parts Built . | . . . . Authchips . | . . . . Time . | . . . . Total Part Build Rating . | . . . . Parts Repaired 1 | . . 1 . Time 38 | . . 38 . Parts Recycled . | . . . . Recycled Matter . | . . . . Retrieved Matter . | . . . . Retrieved Components . | . . . . Parts Scanalyzed 2 | . . 2 . Part Schematics Acquired 2 | . . 2 . Parts Damaged . | . . . . Bothacking | -11 -10 -9 -8 ------------ Run | Yrd Mat Mat Mat Used RIF Installer . | . . . . Robots Hacked 1 | . . . 1 Non-combat 1 | . . . 1 Combat . | . . . . Robot Hacks Applied 1 | . . . 1 find_recycling 1 | . . . 1 Relay Couplers Released . | . . . . Fabnet Peak Effective % . | . . . . Robots Rewired . | . . . . Allies Hacked . | . . . . Hacks Repelled . | . . . . Allies | -11 -10 -9 -8 -------- Run | Yrd Mat Mat Mat Total Allies . | . . . . Largest Group . | . . . . Highest-Rated Group . | . . . . Highest-Rated Ally . | . . . . Total Orders . | . . . . Ally Attacks . | . . . . Total Damage . | . . . . Kills . | . . . . Allies Corrupted . | . . . . Allies Melted . | . . . . Intel | -11 -10 -9 -8 ------- Run | Yrd Mat Mat Mat Robot Analysis Total . | . . . . Derelict Logs Recovered . | . . . . Drone Launches . | . . . . Drone Recoveries . | . . . . Exploration | -11 -10 -9 -8 ------------- Run | Yrd Mat Mat Mat Turns Passed 6203 | 77 1734 2741 1651 Spaces Moved 2749 | 55 780 1150 764 Core 6 | 2 . . 4 Treads 1989 | . 561 1150 278 Legs 184 | 53 121 . 10 Wheels 570 | . 98 . 472 Hover . | . . . . Flight . | . . . . Fastest Speed 50 | 50 120 160 110 Average Speed 193 | 117 208 207 162 Slowest Speed 950 | 120 240 320 950 Overloaded Moves . | . . . . Propulsion Burnouts . | . . . . Robots Hopped . | . . . . Cave-ins Triggered . | . . . . Exploration Rate (%) 52 | 5 81 65 57 Regions Visited 3 Branch Regions . Pre-discovered Areas . | . . . . Known Exits Taken . | . . . . Unknown Exits Taken 3 | 1 1 1 . Scrap Searched . | . . . . Spaces Dug 26 | . . . 26 Terrain Destroyed 171 | . 54 . 117 Melee . | . . . . Projectile 18 | . . . 18 AOE 153 | . 54 . 99 Terrain Rammed . | . . . . Walls Destroyed . | . . . . Machines Disabled . | . . . . Actions | -11 -10 -9 -8 --------- Run | Yrd Mat Mat Mat Total 3239 | 64 845 1349 981 Wait 135 | . 17 71 47 Move 2746 | 54 779 1149 764 Hop . | . . . . Pick Up 41 | 4 12 12 13 Fast Attach 23 | 6 1 9 7 Attach 16 | . 2 6 8 Detach 2 | . 2 . . Swap 38 | . 9 6 23 Drop 23 | . 1 11 11 Fire 203 | . 19 80 104 Melee 1 | . . . 1 Ram 3 | . . . 3 Kick . | . . . . Crush 8 | . 3 5 . Escape Stasis . | . . . . Rewire . | . . . . Trap . | . . . . Miscellaneous . | . . . . Route ------- -11/Scrapyard -10/Materials (discovered 4 exits: *Mat x3 / [*Min]) -9/Materials -8/Materials (discovered 1 exit: [*Fac]) History --------- Turn | Location | Event 51 | -11/Scrapyard | Discovered new exit (range 16) 78 | -11/Scrapyard | Entered Materials 132 | -10/Materials | Discovered new exit (range 9) 152 | -10/Materials | Discovered new exit (range 11) 312 | -10/Materials | Build established: Mutant 365 | -10/Materials | Discovered new exit (range 6) 1212 | -10/Materials | Discovered new exit (range 16) 1812 | -10/Materials | Entered another Materials area 1812 | -9/Materials | Evolved 2 slots: Propulsion x1, Utility x1 2433 | -9/Materials | Discovered new exit (range 3) 3077 | -9/Materials | Build established: Scavenger-Mutant 3115 | -9/Materials | Repaired Imp. Heat Sink 3421 | -9/Materials | Core integrity fell below 50% 4125 | -9/Materials | Lost 4 parts (1p1n1u1w) 4222 | -9/Materials | Core integrity fell below 20% 4553 | -9/Materials | Entered another Materials area 4553 | -8/Materials | Evolved 2 slots: Propulsion x1, Utility x1 5003 | -8/Materials | Lost 3 parts (1p1u1w) 5493 | -8/Materials | Discovered new exit (range 6) 5910 | -8/Materials | Core integrity fell below 50% 6060 | -8/Materials | Garrison activated, responded to threat 6105 | -8/Materials | Lost 5 parts (1p3n1u) 6186 | -8/Materials | Core integrity fell below 20% 6204 | -8/Materials | Destroyed by Y-45 Defender with Heavy Assault Rifle Last Messages --------------- 06173_ The unstable cave ceiling collapses. 06173_ U-05 Engineer lays Concrete. 06174_ U-05 Engineer builds a Door. 06175_ U-05 Engineer lays Concrete. 06180_ The unstable cave ceiling collapses. 06180_ U-05 Engineer lays Concrete. 06182_ U-05 Engineer destroyed. 06182_ U-05 Engineer lays Concrete. 06188_ Deuterium Engine destroyed. 06188_ U-05 Engineer lays Concrete. 06189_ Imp. Heat Sink destroyed. 06190_ U-05 Engineer lays Concrete. 06192_ U-05 Engineer builds a Wall. 06194_ System corrupted: Energy discharge (-38). 06194_ K-01 Serf collects debris. 06194_ Critical hit (Burn: +37). 06196_ Acquired Rocket Launcher. 06196_ U-05 Engineer builds a Wall. 06201_ Rocket Launcher destroyed. 06201_ U-05 Engineer lays Concrete. Map ----- +----------------------------------------------------+ | ????????????????????????????????????? ??????? | | ????????????????????????????????????? ?????? | | ????????????????????????????????????? ??????? | | ???????????????????????????????????? ###??????? | | ???????????????????????????????????? ???????"""? | | ???????????????????????????????????? ???????"""? | | ?????????????"""""""?????????????????????????"""? | | ?????????????"""""""????????????????????????????? | | ?????????????"""""""????????????"""?????????????? | | ?????????????"""""""??????? """?????????????? | | ?????????????"""""""??????# """ ??????????? | | ??????????????????????????# ? #?????????? | | ?????????????????????###### ? #?????????? | | ?????????????????????? """ #?????????? | | ???????????????? ??? """ #?????????? | | ????????????? """ """ #?????????? | | ?????????????? """ #?????????? | | ??????????????? """ #?????????? | | ???????????##??# ! """ #?????????? | | ??????????? ?# | *""" #?????????? | | ????????????? # """ %% """ #?????????? | | ?????????????? + """ %= ########### | | ???????"""?"""?# """ * | | ???????"""?"""?# %* | | ???????"""?"""?# *%! | | ???????"""?"""?# ##@######## | | ???????????????# ! ! ######+############# | | ???????????????# # # #???????? | | ???????????????# [ ## # """ #???????? | | ???????????????# % u # # """""#???????? | | ??????????????#; Y # # ""#???????? | | ??????????????## # uY## # = "#???????? | | ???????????????## # # #[ % #???????? | | ????????????????#### # # = [ #???????? | | ???????????????????# # # % #??????? | | ???????????????????########### # ##??????? | | ?????????????????????????? ## # ##???????? | | ????????????????????????# # ### # #????????? | | ????????????????????????# [ ?###?######????????? | | ????????????????????????# ???????????????????? | | ???"""??????????????????# ????????????????????? | | ???"""??????????????????# ???""????????????????? | | ???"""??????????????????# ?????G"???????????????? | | ??????????????????????????????""????????????????? | | ????????????????????????????????????????????????? | | ????????????????????????????????????????????????? | | ????????????????????????????????????????????????? | | ????????????????????????????????????????????????? | | ???"?"??????????????????????????????????????????? | | ???"Y"??????????????????????????????????????????? | +----------------------------------------------------+ Best States ------------- Heat Dissipation 64 Energy Generation 14 Energy Capacity 275 Matter Stores 300 Matter Capacity 300 Sight Range 16 Robot Scan Range 14 Terrain Scan Density 10 Armor Coverage 150 Evasion (%) 55 Recoil Reduction 3 Item Schematics ----------------- Hacking Suite | -9/Materials | Scanalyzed Ion Cannon | -9/Materials | Scanalyzed Robot Schematics ------------------ None Fabricated ------------ Nothing Alien Tech Used ----------------- None Achievements -------------- Fist Fight root@ Challenges ------------ None Game ------ Seed BombFireClaymores Manual? 0 Play Time 01:06:38 Cumulative 18.5 hours Start 2024.05.18 @ 00:40:06 End 2024.05.19 @ 23:18:56 Sessions 1 Manual Loads 0 Difficulty Rogue Special Mode None Game No. 40 Rogue 40 Adventurer 0 Explorer 0 Win Type - Total 0 Types 0/0/0/0/0/0/0/0/0 Lore% 16 Gallery% 15 Achievement% 16 Wizard Run 0 Options --------- Layout 1 ASCII 0 Keyboard 0 Movement Arrows Keybinds 0 Fullscreen 1 Font 24/Smallcaps Map View 50x40 Zoom Use 0% Tactical HUD 1 Map Filters NONE Filters NONE Steam 1 RUN: 4cafe064-1686-402b-a89d-e20530409f7b